Map: [ESL] Curious Minds

Players

Maru - Winner!

  • Race: Terran Terran

Scarlett

  • Race: Zerg Zerg

Event: IEM Katowice 2022

VOD

Have the link to the VOD?

Description

Time

  • Played on: Feb. 25, 2022, 3:10 p.m.
  • Length: 7:53

All games in this series

Show
View Real Time Build Order
Export as new Build Order

Maru Terran - Winner!

Build Orders:  

Get SALT Encoding   

  12  0:00  SCV  
  13  0:12  SCV  
  14  0:16  Supply Depot  
  14  0:24  SCV  
  15  0:38  SCV  
  15  0:39  Barracks  
  16  0:43  Refinery  
  16  0:50  SCV  
  17  1:02  SCV  
  18  1:14  SCV  
  19  1:26  Barracks Reactor  
  19  1:27  Orbital Command  
  19  1:37  Command Center  
  19  1:48  Supply Depot  
  19  1:52  SCV  
  20  1:58  Barracks  
  20  2:02  Marine x2  
  20  2:04  SCV  
  23  2:15  Barracks  
  23  2:16  SCV  
  23  2:20  Marine x2  
  26  2:29  SCV  
  27  2:38  Marine x2  
  27  2:41  SCV  
  27  2:42  Refinery  
  30  2:47  Barracks Tech Lab  
  30  2:53  Orbital Command, SCV  
  30  2:56  Marine  
  30  2:57  Marine  
  33  3:02  Barracks Tech Lab  
  33  3:06  Marine, SCV  
  33  3:07  Stimpack  
  35  3:14  Supply Depot  
  35  3:18  SCV  
  35  3:19  Marine x2  
  34  3:25  Combat Shield, Marine  
  34  3:27  Marine  
  34  3:32  SCV  
  34  3:33  SCV  
  36  3:37  Marine, Supply Depot  
  36  3:41  Marine  
  38  3:43  Marine  
  38  3:44  SCV  
  38  3:45  SCV  
  41  3:51  Marine  
  41  3:54  Marine  
  42  3:56  SCV  
  42  3:57  SCV  
  42  4:00  Factory  
  44  4:05  Marine  
  44  4:08  Marine, SCV  
  47  4:10  Supply Depot, SCV  
  47  4:13  Marine  
  47  4:15  Marine  
  50  4:20  SCV  
  50  4:22  SCV  
  50  4:23  Marine, Engineering Bay  
  53  4:27  Supply Depot  
  53  4:32  SCV  
  53  4:34  Supply Depot  
  53  4:37  SCV  
  55  4:38  Marine  
  55  4:39  Marine  
  55  4:44  SCV  
  58  4:48  Starport, Factory Reactor  
  58  4:52  Terran Infantry Weapons Level 1  
  58  4:53  SCV  
  58  4:59  SCV, Refinery  
  60  5:02  Marine  
  60  5:03  Marine  
  60  5:05  SCV  
  63  5:07  Marine  
  63  5:09  Barracks Reactor  
  63  5:11  SCV  
  65  5:14  Supply Depot  
  65  5:17  SCV  
  65  5:20  Marine x2  
  68  5:24  SCV  
  68  5:26  Supply Depot  
  69  5:32  Medivac x2  
  69  5:33  Siege Tank, Marine  
  77  5:37  Refinery  
  77  5:38  Marine x2  
  79  5:44  SCV x2  
  79  5:47  Supply Depot, Marine x2  
  83  5:51  Marine  
  83  5:56  Marine  
  85  6:01  Marine  
  85  6:02  Medivac  
  88  6:05  Siege Tank, Marine x2  
  88  6:08  Medivac  
  88  6:09  Supply Depot  
  88  6:10  Marine  
  96  6:15  Marine  
  97  6:25  Command Center  
  97  6:28  SCV  
  98  6:40  Siege Tank  
  98  6:44  Marine x3  
  104  6:50  Supply Depot  
  104  6:51  Marine  
  104  6:52  Marine, Medivac  
  108  7:07  Marine  
  108  7:08  Marine  
  110  7:11  Medivac  
  110  7:15  SCV  
  113  7:16  Barracks  
  113  7:17  Barracks  
  113  7:18  SCV  
  110  7:26  Marine x3  
  110  7:27  Marine x2, SCV  
  107  7:30  SCV  
  107  7:36  Armory  
  108  7:41  Engineering Bay  
Show
View Real Time Build Order
Export as new Build Order

Scarlett Zerg 

Build Orders: Pool First 

Get SALT Encoding   

  12  0:00  Drone  
  13  0:12  Overlord  
  13  0:16  Drone  
  14  0:30  Drone x2  
  14  0:34  Drone  
  17  0:45  Drone, Extractor  
  17  0:49  Spawning Pool  
  16  0:55  Drone  
  17  1:06  Drone  
  18  1:16  Hatchery  
  17  1:20  Drone  
  18  1:28  Drone  
  19  1:35  Queen  
  19  1:38  Zergling x2  
  22  1:48  Overlord  
  22  1:50  Metabolic Boost  
  22  2:09  Drone  
  22  2:11  Queen  
  25  2:18  Drone  
  26  2:29  Drone, Queen  
  29  2:30  Drone  
  30  2:38  Zergling x2  
  30  2:39  Overlord  
  30  2:44  Zergling x6  
  34  2:51  Drone  
  34  2:55  Drone  
  36  3:02  Hatchery  
  35  3:06  Drone  
  35  3:07  Drone  
  37  3:18  Drone x2  
  38  3:20  Drone x3  
  38  3:23  Overlord  
  40  3:30  Queen  
  40  3:34  Overlord  
  42  3:38  Drone  
  43  3:41  Overlord  
  43  3:42  Drone x2  
  45  3:49  Drone x4  
  48  3:56  Drone x2  
  48  3:59  Evolution Chamber  
  49  4:03  Baneling Nest  
  49  4:04  Drone x2  
  50  4:14  Queen  
  50  4:15  Zergling x6  
  55  4:23  Drone x4  
  59  4:25  Zerg Ground Armor Level 1  
  59  4:28  Zergling x4  
  59  4:30  Zergling x2  
  62  4:40  Overlord  
  62  4:41  Drone x6  
  62  4:45  Queen  
  70  4:49  Zergling x2, Baneling x4  
  70  4:52  Zergling x4  
  73  4:56  Overlord  
  73  4:58  Baneling  
  74  5:00  Zergling x6  
  74  5:04  Zergling x6  
  79  5:13  Zergling x2  
  79  5:14  Zergling x2  
  81  5:16  Drone x5, Overlord  
  86  5:27  Drone x3  
  89  5:30  Lair  
  89  5:31  Overlord x2  
  89  5:33  Extractor  
  89  5:34  Extractor  
  87  5:36  Zergling x6  
  87  5:42  Drone x3, Hatchery  
  92  5:46  Zergling x8, Baneling  
  92  5:47  Baneling  
  96  5:55  Hatchery  
  95  6:00  Drone x4, Evolution Chamber  
  95  6:02  Extractor  
  95  6:03  Zergling x6  
  100  6:05  Queen  
  100  6:07  Drone x2  
  100  6:08  Drone  
  105  6:11  Zergling x4  
  106  6:20  Zergling x8  
  106  6:21  Zergling x2  
  111  6:26  Zergling x4  
  110  6:40  Drone  
  110  6:42  Drone x2  
  110  6:44  Overlord x2  
  110  6:45  Overlord x4  
  113  6:49  Zergling x2  
  114  6:54  Zergling x2  
  114  6:55  Zergling x6  
  114  7:00  Zergling x4  
  120  7:03  Zergling x6  
  120  7:07  Zergling x4  
  121  7:10  Queen x2  
  118  7:24  Zergling x14  
  118  7:29  Zergling x2  
  93  7:30  Zergling x2  
  93  7:35  Zergling x2  
  93  7:36  Zergling x2  

Tags
 
Add a new tag
Caveats
  • Supply blocks, unpowered buildings, or Contaminate may cause inaccurate times.
  • Supply counts are checked every 10 seconds.